 Dungeon Crawl Stone Soup version 0.29-a0-892-g2c4c91d9db (webtiles) character file.

Game seed: 10385885217086582805

1066 Zeldest the Caller (level 8, -7/60 (62) HPs)
             Began as a Merfolk Summoner on July 23, 2022.
             Mangled by an orc warrior
             ... wielding a +0 scimitar
              (12 damage)
             ... on level 5 of the Dungeon.
             The game lasted 00:12:21 (5889 turns).

Zeldest the Caller (Merfolk Summoner)               Turns: 5889, Time: 00:12:21

HP:   -7/60 (62)    AC:  3    Str:  5    XL:     8   Next: 28%
MP:   11/13         EV: 12    Int: 27    God:
Gold: 152           SH:  0    Dex: 14    Spells: 8/14 levels left

rFire   . . .      SeeInvis .   x - +6 war axe "Xuffu" {flame, +Blink rElec Str-3 Int-2}
rCold   . . .      Faith    .   (no shield)
rNeg    . . .      Spirit   .   a - +0 robe
rPois   .          Reflect  .   (no helmet)
rElec   +          Harm     .   f - +0 cloak
rCorr   .          Rampage  .   (no gloves)
Will    .....                   (no boots)
Stlth   ++........              (no amulet)
HPRegen 0.20/turn               o - +6 ring of intelligence
MPRegen 0.13/turn               e - +6 ring of intelligence

@: lightly drained
A: (nimble swimmer 2), mertail
a: Evoke Blink


You were on level 5 of the Dungeon.
You visited 1 branch of the dungeon, and saw 5 of its levels.
You also visited: Sewer.

You collected 373 gold pieces.
You spent 221 gold pieces at shops.

Inventory:

Hand Weapons
 h - a +2 scythe of protection
 i - a +0 mace of protection
 x - the +6 war axe "Xuffu" (weapon) {flame, +Blink rElec Str-3 Int-2}
   (You bought it in a shop on level 3 of the Dungeon)

   It burns those it strikes, dealing additional fire damage.
   Big, fiery blades are also staple armaments of hydra-hunters.
   Str:       It affects your strength (-3).
   Int:       It affects your intelligence (-2).
   rElec:     It insulates you from electricity.
   +Blink:    It lets you blink.
Armour
 a - a +0 robe (worn)
 f - a +0 cloak (worn)
Jewellery
 e - a +6 ring of intelligence (right hand)
 o - a +6 ring of intelligence (left hand)
 y - a +6 ring of dexterity
Wands
 g - a wand of flame (37)
Scrolls
 m - 5 scrolls of blinking
 p - 3 scrolls of teleportation
 q - a scroll of immolation {unknown}
 s - a scroll of enchant armour {unknown}
 u - 2 scrolls of butterflies
 v - 2 scrolls of enchant weapon {unknown}
 w - a scroll of noise
 C - a scroll of vulnerability {unknown}
Potions
 b - 2 potions of magic
 c - 6 potions of flight
 d - 3 potions of might
 j - a potion of curing
 k - a potion of invisibility
 l - a potion of ambrosia {unknown}
 n - a potion of berserk rage
 r - a potion of cancellation
 t - a potion of haste
 z - 2 potions of heal wounds
 A - a potion of attraction
 B - a potion of brilliance


   Skills:
 + Level 5.2 Fighting
 + Level 6.2 Polearms
 - Level 2.6 Dodging
 - Level 2.1 Stealth
 + Level 3.9 Spellcasting
 + Level 6.4 Summonings
 + Level 0.2 Air Magic


You had 8 spell levels left.
You knew the following spells:

 Your Spells              Type           Power      Damage    Failure   Level
a - Call Imp              Summ           39%        N/A       1%          2
b - Summon Small Mammal   Summ           100%       N/A       1%          1
c - Call Canine Familiar  Summ           39%        N/A       1%          3

Your spell library contained the following spells:

 Spells                   Type           Power      Damage    Failure   Level
 Summon Guardian Golem    Hex/Summ       22%        N/A       6%          3
 Summon Lightning Spire   Summ/Air       23%        N/A       21%         4
 Confusing Touch          Hex            5%         N/A       24%         3
 Gell's Gravitas          Tloc           5%         N/A       24%         3
 Lesser Beckoning         Tloc           5%         N/A       24%         3
 Teleport Other           Tloc           5%         N/A       24%         3
 Yara's Violent Unravell  Hex/Tmut       2%         3d3       92%         5
 Enfeeble                 Hex            2%         N/A       100%        7


Dungeon Overview and Level Annotations

Branches:
Dungeon (5/15)              Sewer (visited)
 Temple: D:4-7

Altars:

Shops:
D:3 [(

Annotations:
D:4 exclusion: orc warrior


Innate Abilities, Weirdness & Mutations

((You are very nimble when in or above water. (Stealth+, EV+, Speed+++)))
Your lower body shifts to a powerful aquatic tail in water.


Message History

The orc warrior is almost dead.
You barely miss the orc wizard. The orc wizard barely misses you.
The orc warrior barely misses you.
The orc priest mumbles some strange prayers to Beogh against you.
Beogh smites you!
You barely miss the orc warrior.
The orc warrior is almost dead.
You slash the necrophage! You burn the necrophage. You hit the orc wizard.
You burn the orc wizard.
You kill the orc wizard!
The necrophage hits you.
* * * LOW HITPOINT WARNING * * *
You feel drained.
* * * LOW HITPOINT WARNING * * *
The orc priest miscasts a cantrip.
The orc warrior hits you with a +0 scimitar.
* * * LOW HITPOINT WARNING * * *
Your crimson imp blinks!
The necrophage hits you.
* * * LOW HITPOINT WARNING * * *
You feel drained. The orc warrior barely misses you.
You barely miss the orc warrior.
The orc warrior is almost dead.
You hit the necrophage. You burn the necrophage. You slash the orc priest!
You burn the orc priest.
You kill the orc priest!
The necrophage hits you.
* * * LOW HITPOINT WARNING * * *
You feel drained.
* * * LOW HITPOINT WARNING * * *
The orc warrior closely misses you. The necrophage closely misses you.
You completely miss the orc warrior.
The orc warrior is almost dead.
You hit the necrophage. You burn the necrophage.
The necrophage barely misses you. The orc warrior barely misses you.
Your crimson imp barely misses the orc warrior.
The necrophage hits you but does no damage.
The orc warrior hits you with a +0 scimitar!
You die...

...# ..# #....# ..# ....#
## .. ....# ... .. ..
#.#.# #.# .###
....######.#.#... ...
......)o@....#.#####.####
.......n5..........<.....
<............#.####..####
.##....####..#..........#
#.##.####..###......#.#
#. #.#..............+ # .
..................# .
..##..............#
#..............#


You could see an orc warrior (ally target), a necrophage and a friendly crimson
imp (summoned).

Vanquished Creatures
  A black bear (D:4)
  A necrophage (D:4)
  2 orc priests
  Natasha (twice) (D:4)
  An iguana (D:4)
  Ijyb (D:4)
  3 orc wizards
  8 adders
  2 river rats (Sewer)
  3 worms
  2 dart slugs
  11 orcs
  4 endoplasms
  3 giant cockroaches (Sewer)
  2 goblins (D:4)
  4 hobgoblins
  A jackal (Sewer)
  2 kobolds
  A quokka (D:3)
  4 ball pythons
  3 bats
  6 frilled lizards
  A rat (D:3)
68 creatures vanquished.

Vanquished Creatures (collateral kills)
  Sigmund (D:2)
  Blork the orc (D:4)
  A scorpion (D:4)
  Jessica (D:3)
  Natasha (D:4)
  4 river rats
  8 adders
  A shadow imp (D:4)
  4 worms
  A dart slug (D:1)
  6 orcs
  4 ball pythons
  2 bats (Sewer)
  6 endoplasms
  3 giant cockroaches
  3 goblins
  5 hobgoblins
  A jackal (Sewer)
  A quokka (Sewer)
  3 frilled lizards
  2 kobolds
  4 rats
63 creatures vanquished.

Grand Total: 131 creatures vanquished

Notes
Turn   | Place    | Note
-------+----------+-------------------------------------------
     0 | D:1      | Zeldest the Merfolk Summoner began the quest for the Orb.
     0 | D:1      | Reached XP level 1. HP: 13/13 MP: 3/3
   382 | D:1      | Reached skill level 1 in Polearms
   382 | D:1      | Reached XP level 2. HP: 15/20 MP: 1/5
   456 | D:1      | Learned a level 2 spell: Call Imp
   477 | D:1      | Reached skill level 1 in Fighting
   642 | D:1      | Found a faded altar of an unknown god.
  1190 | D:1      | Reached XP level 3. HP: 26/26 MP: 4/6
  1601 | D:2      | Noticed Sigmund
  1630 | D:2      | Killed Sigmund
  1631 | D:2      | Reached skill level 5 in Summonings
  1631 | D:2      | Reached XP level 4. HP: 29/35 MP: 2/7
  1631 | D:2      | Reached XP level 5. HP: 34/41 MP: 2/8
  2524 | D:3      | Found Jaypoekk's Antique Weapon Boutique.
  2549 | D:3      | Learned a level 3 spell: Call Canine Familiar
  2820 | D:3      | Noticed Jessica
  2832 | D:3      | Killed Jessica
  2833 | D:3      | Reached XP level 6. HP: 36/47 MP: 6/9
  2851 | D:3      | Found Xitseli's Antique Armour Emporium.
  3180 | D:3      | Found a glowing drain.
  3187 | Sewer    | Entered a sewer
  4209 | D:3      | Bought a steaming war axe for 221 gold pieces
  4209 | D:3      | Identified the +6 war axe "Xuffu" {flame, +Blink rElec
                  | Str-3 Int-2} (You bought it in a shop on level 3 of the
                  | Dungeon)
  4328 | D:3      | Reached XP level 7. HP: 14/53 MP: 11/11
  4810 | D:4      | Noticed Ijyb
  4816 | D:4      | Killed Ijyb
  4925 | D:4      | Noticed Blork the orc
  4945 | D:4      | Killed Blork the orc
  4946 | D:4      | Reached skill level 5 in Polearms
  5479 | D:4      | Noticed Natasha
  5485 | D:4      | Killed Natasha
  5486 | D:4      | Reached XP level 8. HP: 38/61 MP: 7/13
  5490 | D:4      | Reached skill level 5 in Fighting
  5681 | D:4      | Noticed Natasha
  5685 | D:4      | Killed Natasha
  5767 | D:4      | Noticed Natasha
  5771 | D:4      | Killed Natasha
  5805 | D:5      | Entered Level 5 of the Dungeon
  5889 | D:5      | Mangled by an orc warrior

Illustrated notes

Levels and vault maps discovered:
D:1:      lemuel_arrival_tunnels, layout_basic,
          hellmonk_ecumenical_altar_slurped_away
D:2:      layout_basic, due_unseen_surprise, uniq_sigmund
D:3:      kennysheep_six_static_rooms, layout_loops_corners, serial_shops, shop,
          nicolae_shop_hallway_plus, lightli_sewer_entry_pipes, uniq_jessica
D:4:      minmay_door_path, layout_rooms, uniq_ijyb, uniq_blork_the_orc,
          uniq_natasha
D:5:      layout_basic

Skill      XL: |  1  2  3  4  5  6  7  8 |
---------------+-------------------------+-----
Polearms       | 1 3 4 5 6 |  6.2
Fighting       | 1 3 4 5 |  5.2
Summonings     | 5 6 |  6.4
Spellcasting   | 3 |  3.9
Dodging        | |  2.6
Stealth        | |  2.1
Air Magic      | |  0.2

Action                   |  1- 3 |  4- 6 |  7- 9 || total
-------------------------+-------+-------+-------++-------
Melee: Unarmed           |    54 |       |       ||    54
       Mace              |       |   119 |       ||   119
       War axe           |       |    15 |    67 ||    82
       Tailslap          |       |     5 |       ||     5
       Punch             |       |     2 |     1 ||     3
 Cast: Summon Small Mamm |    14 |     3 |     6 ||    23
       Call Imp          |    16 |    20 |    10 ||    46
       Call Canine Famil |       |    16 |     6 ||    22
  Use: Potion            |       |     3 |     1 ||     4
       Scroll            |       |       |     9 ||     9
 Stab: Sleeping          |       |     2 |     3 ||     5
       Distracted        |       |     1 |       ||     1
Armor: Robe              |    10 |    50 |    13 ||    73
Dodge: Dodged            |    29 |   151 |    47 ||   227

Table legend: (Time is in decaauts)
 A = Elapsed time spent in this place.
 B = Non-inter-level travel time spent in this place.
 C = Inter-level travel time spent in this place.
 D = Time resting spent in this place.
 E = Time spent auto-exploring this place.
 F = Levels seen in this place.
 G = Mean time per level.
                   A        B        C        D        E       F      G
               +--------+--------+--------+--------+--------+-----+--------+
         Total |   5835 |   5564 |    271 |   1678 |   2465 |   6 |  972.5 |
       Dungeon |   5005 |   4734 |    271 |   1265 |   2445 |   5 | 1001.0 |
         Sewer |    829 |    829 |      0 |    413 |     20 |   1 |  829.0 |
               +--------+--------+--------+--------+--------+-----+--------+

Top non-repeatable levels by time:
     D:1: 1520 daAuts
     D:3: 1296 daAuts
     D:4: 1095 daAuts
     D:2: 1005 daAuts
   Sewer: 829 daAuts
     D:5: 88 daAuts
